Unix NetHack Version 3.7.0-101 Work-in-progress - last build Mar 25 2024 11:18:41 (462964f8eaac915e699fc3a71b43428251fec12b,branch:master). Game began 2024-03-30 12:08:20, ended 2024-03-30 13:04:15. Gilette, neutral male gnomish Wizard Z#####f############## ###@## ########--------# -------- ----- #---------- #|......|# #.....[.| |...| #|........| #|......|# ##|......| |..^.#######-.........# #|.......############........ |...| ## |........|####|......|# |......| |....## .........| #--------# *###|......| ---.- |.......<| # ######*##### -------- ---------- `###### # # # # ## # #---------# #|.......|# #|.......|# #.......>.# --------- Gilette the Conjurer St:11 Dx:11 Co:9 In:18 Wi:11 Ch:11 Neutral Dlvl:4 $:70 HP:0(28) Pw:56(63) AC:9 Xp:4/138 T:2611 Latest messages: The cave spider bites! You miss the cave spider. The cave spider bites! You miss the cave spider. The cave spider bites! You hit the cave spider. The cave spider bites! You kill the cave spider! You hit the cave spider. The cave spider just misses! You kill the cave spider! There is a staircase down here. You see here a cave spider corpse. $ - 19 gold pieces (70 in total). Loki eats a cave spider corpse. You swap places with Loki. You don't have anything to eat. You stop. Loki is in the way! You swap places with Loki. You descend the stairs. You climb up the stairs. With great effort you move the boulder. You try to move the boulder, but in vain. You try to move the boulder, but in vain. You try to move the boulder, but in vain. You find a hidden passage. You hear scratching noises. The orc zombie rises from the dead! The bat bites! The bat bites! You miss the bat. The bat bites! An orc zombie claws itself out of the ground! In what direction? 6 The spell hits the bat! You kill the bat! You swap places with Loki. You swap places with Loki. You miss the orc zombie. The orc zombie hits! You miss the orc zombie. The orc zombie hits! You hit the orc zombie. In what direction? 4 The spell hits the orc zombie! You destroy the orc zombie! The spell hits it. The orc zombie hits! The orc zombie hits! You die... Inventory: Coins ('$') $ - 70 gold pieces Weapons (')') C - an uncursed +0 dagger u - an uncursed +0 elven dagger (weapon in left hand) J - an uncursed +0 orcish dagger a - a blessed +1 quarterstaff Armor ('[') b - an uncursed +0 cloak of magic resistance (being worn) Scrolls ('?') v - a blessed scroll of confuse monster i - 2 uncursed scrolls of confuse monster j - an uncursed scroll of create monster K - a blessed scroll of enchant weapon f - an uncursed scroll of enchant weapon Spellbooks ('+') y - an uncursed spellbook of chain lightning Potions ('!') g - an uncursed potion of booze x - a cursed potion of enlightenment A - an uncursed potion of fruit juice o - 2 uncursed potions of healing h - an uncursed potion of levitation p - a blessed potion of object detection n - a cursed potion of speed Rings ('=') d - an uncursed +1 ring of adornment (on left hand) e - an uncursed ring of shock resistance (on right hand) Wands ('/') c - an uncursed wand of cancellation (0:4) Tools ('(') B - an empty uncursed bag of holding I - an uncursed wooden flute t - an uncursed credit card G - an uncursed lock pick m - an uncursed magic marker (0:2) F - an uncursed mirror H - an uncursed skeleton key E - an uncursed tin opener Gems/Stones ('*') L - 2 uncursed worthless pieces of blue glass r - a cursed worthless piece of orange glass k - an uncursed worthless piece of yellowish brown glass Gilette the Wizard's attributes: Background: You were a Conjurer, a level 4 male gnomish Wizard. You were neutral, on a mission for Thoth who was opposed by Ptah (lawful) and Anhur (chaotic). You were left-handed. You were in the Dungeons of Doom, on level 4. You entered the dungeon 2611 turns ago. You had 138 experience points, 22 more were needed to attain level 5. Basics: You had 0 out of 28 hit points. You had 56 out of 63 energy points (spell power). Your armor class was 9. Your wallet contained 70 zorkmids. Autopickup was on for '$?!"=/*' plus thrown, with exceptions. Final Characteristics: Your strength was 11 (limit:18/50). Your dexterity was 11 (limit:18). Your constitution was 9 (peak:13, limit:18). Your intelligence was 18 (limit:19). Your wisdom was 11 (limit:18). Your charisma was 11 (base:10, limit:18). Final Status: You weren't hungry. You were unencumbered. You were wielding a dagger. You had basic skill with dagger. Final Attributes: You were piously aligned. You were magic-protected. You were shock resistant. Your items were protected from electric shocks. You had infravision. You were more charismatic. You were warded. You are dead. Miscellaneous: You never encountered a bones level. Total elapsed playing time was 48 minutes and 14 seconds. Major events: Turn 1: Gilette the neutral male gnomish Wizard entered the dungeon 600: attained the rank of Conjurer (level 3) 2509: entered the Gnomish Mines 2611: killed by an orc zombie Vanquished creatures: a fog cloud a little dog a giant bat an orc zombie an iguana 2 gas spores 2 hobbits a manes a large kobold 2 cave spiders 2 garter snakes 2 geckos 2 foxes a kobold 5 goblins a sewer rat 2 grid bugs a bat 5 lichens 2 kobold zombies 9 newts 45 creatures vanquished. No species were genocided or became extinct. Voluntary challenges: You read items or engraved 3 times. You never engraved Elbereth. You never genocided any monsters. You never polymorphed an object. You never changed form. You used no wishes. Achievements: You attained the rank of Conjurer. You entered a shop. You entered the Gnomish Mines. The Dungeons of Doom: levels 1 to 4 Level 1: Level 2: A fountain. Level 3: A fountain. Level 4: <- You were here. Stairs down to The Gnomish Mines. Final resting place for you, killed by an orc zombie. The Gnomish Mines: Level 5: Game over: ---------- / \ / REST \ / IN \ / PEACE \ / \ | Gilette | | 70 Au | | killed by an orc | | zombie | | | | | | 2024 | *| * * * | * _________)/\\_//(\/(/\)/\//\/|_)_______ Goodbye Gilette the Wizard... You died in The Dungeons of Doom on dungeon level 4 with 845 points, and 70 pieces of gold, after 2611 moves. You were level 4 with a maximum of 28 hit points when you died.